 Dungeon Crawl Stone Soup version 0.24-a0-520-g8fd06ad0bc (webtiles) character file.

Game seed: 14500398526620753864

8 Azzok the Skirmisher (level 2, 8/24 HPs)
             Began as a Demonspawn Fighter on July 25, 2019.
             Quit the game on level 1 of the Dungeon.
             The game lasted 00:00:20 (162 turns).

Azzok the Skirmisher (Demonspawn Fighter)            Turns: 162, Time: 00:00:21

Health: 8/24       AC:  6    Str: 16    XL:     2   Next: 0%
Magic:  2/2        EV:  6    Int:  9    God:
Gold:   0          SH:  8    Dex: 12    Spells: 1/1 levels left

rFire    + . .     SeeInvis .   a - +0 war axe
rCold    . . .     Gourm    .   c - +0 shield
rNeg     . . .     Faith    .   b - +0 scale mail
rPois    .         Spirit   .   (no helmet)
rElec    .         Reflect  .   (no cloak)
rCorr    .         Harm     .   (no gloves)
MR       .....                  (no boots)
Stlth    ..........             (no amulet)
HPRegen  0.08/turn              (no ring)
MPRegen  0.08/turn              (no ring)

@: no status effects
A: fire resistance 1
a: no special abilities


You were on level 1 of the Dungeon.
You were not hungry.

You visited 1 branch of the dungeon, and saw 1 of its levels.

Inventory:

Hand Weapons
 a - a +0 war axe (weapon)
Armour
 b - a +0 scale mail (worn)
 c - a +0 shield (worn)
Scrolls
 e - 2 scrolls of identify {unknown}
 i - 2 scrolls of remove curse {unknown}
 k - a scroll of enchant weapon {unknown}
Potions
 d - a potion of might
 h - a potion of brilliance {unknown}
 j - a potion of curing {unknown}
Comestibles
 f - a ration
 g - 7 chunks of flesh


   Skills:
 - Level 3.0 Fighting
 + Level 2.5 Axes
 - Level 2.6 Armour
 - Level 2.6 Shields


You had one spell level left.
You didn't know any spells.
Your spell library was empty.

Dungeon Overview and Level Annotations

Branches:
Dungeon (1/15)

Altars:


Innate Abilities, Weirdness & Mutations

Your flesh is heat resistant. (rF+)


Message History

The hobgoblin is moderately wounded.
You closely miss the kobold. You block the kobold's attack.
You block the hobgoblin's attack. You block the kobold's attack.
The hobgoblin hits you.
You closely miss the hobgoblin.
The hobgoblin is moderately wounded.
Your shield prevents you from hitting the kobold.
The kobold hits you but does no damage. The hobgoblin hits you.
Your shield and scale mail prevent you from hitting the hobgoblin.
The hobgoblin is moderately wounded.
You slash the kobold!
You kill the kobold!
You have reached level 2!
Your demonic ancestry asserts itself...
You feel resistant to heat. The hobgoblin barely misses you.
You closely miss the hobgoblin.
The hobgoblin is moderately wounded.
You block the hobgoblin's attack. The hobgoblin closely misses you.
Are you sure you want to abandon this character and quit the game? (Confirm with "yes".)

▒···>···▒▒········▒
▒·················▒ ▒▒
··················· ·
▒·······▒▒▒·▒▒▒▒▒▒ ·▒
▒·······▒····▒ ▒▒▒▒)▒▒▒▒
▒·······▒····▒ ▒········
▒·······▒····▒▒▒·····$··
▒····)··▒·····▒▒········
··▒▒▒▒·▒▒·····▒▒@g······
▒▒▒ ▒···▒·····('········
▒ ▒··[▒▒▒▒·▒·▒(··)···· ▒
▒···▒ ▒▒·▒·······?·· ▒
▒···▒ ▒···········)· ▒
▒▒·▒▒▒▒········▒▒▒▒) ▒
▒······÷······▒ ▒
▒·············▒ ▒
▒▒▒▒····▒▒▒▒▒▒·▒▒


You could see a hobgoblin.

Vanquished Creatures
  2 ball pythons (D:1)
  A hobgoblin (D:1)
  A kobold (D:1)
  2 bats (D:1)
  A rat (D:1)
7 creatures vanquished.

Notes
Turn   | Place    | Note
-------+----------+-------------------------------------------
     0 | D:1      | Azzok the Demonspawn Fighter began the quest for the Orb.
     0 | D:1      | Reached XP level 1. HP: 18/18 MP: 1/1
   160 | D:1      | Gained mutation: Your flesh is heat resistant. (rF+)
                  | [demonic ancestry]
   160 | D:1      | Reached XP level 2. HP: 8/24 MP: 2/2
   162 | D:1      | Quit the game

Levels and vault maps discovered:
D:1:      lightli_arrival_statuegarden, layout_basic

Skill      XL: |  1 |
---------------+----+-----
Axes           | 2 |  2.5
Fighting       | |  3.0
Armour         | |  2.6
Shields        | |  2.6

Action                   || total
-------------------------++-------
Melee: War axe           ||    22
Armor: Scale mail        ||     8
Dodge: Dodged            ||     7
Block: Shield            ||     9

Table legend:
 A = Non-vault XP
 B = Vault XP
 C = Vault XP percentage of total XP
 D = Non-vault monster count
 E = Vault monster count
 F = Vault count percentage of total count
                 A         B        C        D         E       F
            +---------+---------+-------+---------+---------+-------
      Total |      12 |       0 |   0.0 |       7 |       0 |   0.0
            +---------+---------+-------+---------+---------+-------
        D:1 |      12 |       0 |   0.0 |       7 |       0 |   0.0
            +---------+---------+-------+---------+---------+-------
